 Dungeon Crawl Stone Soup version 0.24-a0-252-g5076262 (webtiles) character file.

Game seed: 8677614548885729083

26 Hasart the Cutter (level 3, 0/22 HPs)
             Began as a Kobold Gladiator on Apr 18, 2019.
             Slain by an adder (1 damage)
             ... on level 2 of the Dungeon.
             The game lasted 00:01:48 (1073 turns).

Hasart the Cutter (Kobold Gladiator)                Turns: 1073, Time: 00:01:48

Health: 0/22       AC:  4    Str: 12    XL:     3   Next: 22%
Magic:  3/3        EV: 16    Int:  9    God:
Gold:   21         SH:  0    Dex: 16    Spells: 2/2 levels left

rFire    . . .     SeeInvis .   a - +0 rapier
rCold    . . .     Gourm    .   (shield restricted)
rNeg     . . .     Faith    .   b - +0 leather armour
rPois    .         Spirit   .   c - +0 helmet
rElec    .         Reflect  .   (no cloak)
rCorr    .         Harm     .   (no gloves)
MR       .....                  (no boots)
Stlth    ++........             (no amulet)
HPRegen  0.07/turn              (no ring)
MPRegen  0.08/turn              (no ring)

@: lethally poisoned (0 -> -2)
A: small, carnivore
a: no special abilities


You were on level 2 of the Dungeon.
You were completely stuffed.

You visited 1 branch of the dungeon, and saw 2 of its levels.

You collected 21 gold pieces.

Inventory:

Hand Weapons
 a - a +0 rapier (weapon)
Missiles
 d - 3 throwing nets (quivered)
Armour
 b - a +0 leather armour (worn)
 c - a +0 helmet (worn)
Scrolls
 e - a scroll of fog {unknown}
 g - 2 scrolls of identify {unknown}
 h - a scroll of enchant armour {unknown}
 i - a scroll of teleportation {unknown}
 j - a scroll of amnesia {unknown}
Potions
 k - a potion of heal wounds {unknown}
 l - a potion of flight {unknown}
Comestibles
 f - 3 rations


   Skills:
 + Level 2.5 Fighting
 * Level 4.5 Short Blades
 - Level 2.1 Throwing
 + Level 0.6 Armour
 + Level 3.8 Dodging
 + Level 1.6 Stealth


You had 2 spell levels left.
You didn't know any spells.
Your spell library was empty.

Dungeon Overview and Level Annotations

Branches:
Dungeon (2/15)

Altars:


Innate Abilities, Weirdness & Mutations

You are small and have problems with some larger weapons.
You are carnivorous and can eat meat at any time.


Message History

You puncture the jackal!
You kill the jackal!
You closely miss the adder. The adder misses you.
The adder completely misses you.
You hit the adder.
The adder is lightly wounded.
You feel sick. The adder completely misses you.
You closely miss the adder.
The adder is lightly wounded.
The adder bites you.
* * * LOW HITPOINT WARNING * * *
You closely miss the adder. The adder bites you but does no damage.
You hit the adder.
The adder is moderately wounded.
The adder misses you. x2
You closely miss the adder.
The adder is moderately wounded.
* * * LOW HITPOINT WARNING * * *
You feel sick. The adder bites you.
You die...

......# .....
..... ... ...
#.#####
#g....# #S# ##
#@# ..... #.#
#....#
###.###.....#
#...........#
#...........#
#...........##
#.............
#......)......
#......#......


You could see an adder and a hobgoblin.

Vanquished Creatures
  2 dart slugs
  A bat (D:1)
  2 goblins
  4 hobgoblins (D:1)
  3 jackals (D:2)
  A ball python (D:1)
  2 frilled lizards
  4 kobolds (D:1)
  3 rats (D:1)
22 creatures vanquished.

Notes
Turn   | Place    | Note
-------+----------+-------------------------------------------
     0 | D:1      | Hasart the Kobold Gladiator began the quest for the Orb.
     0 | D:1      | Reached XP level 1. HP: 12/12 MP: 1/1
   297 | D:1      | Reached XP level 2. HP: 16/17 MP: 2/2
   341 | D:1      | Reached skill level 1 in Stealth
  1035 | D:2      | Reached XP level 3. HP: 22/22 MP: 3/3
  1073 | D:2      | HP: 1/22 [poisoned by an adder]
  1073 | D:2      | Slain by an adder

Levels and vault maps discovered:
D:1:      minmay_arrival_semitransparent, layout_loops_ring
D:2:      layout_basic, nemelex_altar_shiori

Skill      XL: |  1  2 |
---------------+-------+-----
Stealth        | 1 |  1.6
Fighting       | |  2.5
Short Blades   | |  4.5
Throwing       | |  2.1
Armour         | |  0.6
Dodging        | |  3.8

Action                   || total
-------------------------++-------
Melee: Rapier            ||    69
  Eat: Chunk             ||     9
Armor: Leather armour    ||    12
Dodge: Dodged            ||    55

Table legend:
 A = Non-vault XP
 B = Vault XP
 C = Vault XP percentage of total XP
 D = Non-vault monster count
 E = Vault monster count
 F = Vault count percentage of total count
                 A         B        C        D         E       F
            +---------+---------+-------+---------+---------+-------
      Total |      38 |       0 |   0.0 |      22 |       0 |   0.0
            +---------+---------+-------+---------+---------+-------
        D:1 |      26 |       0 |   0.0 |      16 |       0 |   0.0
        D:2 |      12 |       0 |   0.0 |       6 |       0 |   0.0
            +---------+---------+-------+---------+---------+-------
